 Dungeon Crawl Stone Soup version 0.29.0-4-gdea44cf6ec (webtiles) character file.

Game seed: 7150457594825480159

47 qw the Chopper (level 3, 0/31 HPs)
             Began as a Minotaur Berserker on Sept 5, 2022.
             Was a Follower of Trog.
             Slain by Sigmund
             ... wielding a +0 scythe
              (9 damage)
             ... on level 2 of the Dungeon.
             The game lasted 00:00:30 (1760 turns).

qw the Chopper (Minotaur Berserker)                 Turns: 1760, Time: 00:00:31

Health: 0/31       AC:  2    Str: 23    XL:     3   Next: 48%
Magic:  2/2        EV: 12    Int:  4    God:    Trog [*.....]
Gold:   30         SH:  0    Dex:  9    Spells: 2/2 levels left

rFire   . . .      SeeInvis .   Y - +1 hand axe
rCold   . . .      Faith    .   (no shield)
rNeg    + . .      Spirit   .   b - +0 animal skin
rPois   .          Reflect  .   (helmet restricted)
rElec   .          Harm     .   (no cloak)
rCorr   .          Rampage  .   (no gloves)
Will    .....                   (no boots)
Stlth   +.........              (no amulet)
HPRegen 0.10/turn               c - ring of positive energy
MPRegen 0.08/turn               (no ring)

@: on berserk cooldown, slowed, very slow
A: horns 2, retaliatory headbutt
a: Renounce Religion, Berserk


You were on level 2 of the Dungeon.
You worshipped Trog.
Trog was aware of your devotion.
You visited 1 branch of the dungeon, and saw 2 of its levels.

You collected 130 gold pieces.
You spent 100 gold pieces at shops.


Innate Abilities, Weirdness & Mutations

You have a pair of horns on your head.
You reflexively headbutt those who attack you in melee.


   Skills:
 - Level 3.6 Fighting
 + Level 5.5 Axes
 - Level 2.4 Armour
 - Level 2.1 Dodging


You had 2 spell levels left.
You didn't know any spells.
Your spell library was empty.

Inventory:

Hand Weapons
 e - a +0 mace
 Y - a +1 hand axe (weapon)
Missiles
 g - a boomerang (quivered)
Armour
 a - a +0 ring mail
 b - a +0 animal skin (worn)
Jewellery
 c - a ring of positive energy (left hand)
 k - a +4 ring of protection
Scrolls
 j - a scroll of amnesia {unknown}
Potions
 d - a potion of heal wounds
 f - 2 potions of degeneration {unknown}
 h - a potion of berserk rage {unknown}
 i - a potion of curing {unknown}

Dungeon Overview and Level Annotations

Branches:
Dungeon (2/15)

Altars:

Shops:
D:1 =   D:2 :(*

Annotations:
D:2 Sigmund


Message History

A bat comes into view.
Found 10 gold pieces.
Throw: boomerang
Press: ? - help, Q - select action Shift-Dir - straight line, f - bat You throw a boomerang.
The boomerang hits the bat.
You kill the bat!
Trog accepts your kill.
You now have enough gold to buy a scroll labelled OCLUSM LEOSOAN on this level.
You can access your shopping list by pressing '$'.
You now have 30 gold pieces (gained 10).
Sigmund the Dreaded comes into view.
He is wielding a +0 scythe.
Sigmund shouts!
Sigmund points at you and mumbles some strange words.
You resist with significant effort.
Sigmund mumbles some strange words.
Sigmund flickers and vanishes!
Deactivating autopickup; reactivate with Ctrl-A.
1751 ||| INVOKING Berserk.
A red film seems to cover your vision as you go berserk!
You feel yourself moving faster!
You feel mighty!
You swing at nothing.
You feel a strong urge to attack something.
You swing at nothing.
You swing at nothing.
You feel your anger nearly subside.
You swing at nothing.
You are no longer berserk.
You are exhausted.
You feel yourself slow down. Something barely misses you.
You swing at nothing.
Something hits you!
You swing at nothing.
Something hits you.
You swing at nothing.
Something hits you.
You swing at nothing.
Something hits you!
You swing at nothing.
Something hits you!
You die...

##### #...# #...#
#...# #...# #...##
#....#######
#......@...## ####
#...#.......... ...#
#.....####.####
...### #....## .#
.....## ##.#.# #.#
#.##..### #...# #..
#.###.<.# #...####.#
. #.# ###.#
#.#...##.#####. . ..#
#.###.###.......)....


There were no monsters in sight!

Vanquished Creatures
  An adder (D:2)
  A worm (D:2)
  3 endoplasms (D:1)
  A giant cockroach (D:1)
  4 goblins
  4 hobgoblins
  3 jackals (D:1)
  A quokka (D:1)
  3 ball pythons (D:1)
  7 bats
  4 frilled lizards
  3 rats
35 creatures vanquished.

Vanquished Creatures (others)
  18 plants
18 creatures vanquished.

Grand Total: 53 creatures vanquished

Notes
Turn   | Place    | Note
-------+----------+-------------------------------------------
     0 | D:1      | qw the Minotaur Berserker began the quest for the Orb.
     0 | D:1      | Reached XP level 1. HP: 19/19 MP: 0/0
     0 | D:1      | 0 ||| qw: Version: 0.1-a-104-g96f76f8
     0 | D:1      | 0 ||| qw: Game counter: 5818
     0 | D:1      | 0 ||| qw: Always use a shield: true
     0 | D:1      | 0 ||| qw: Do Orc after D:15 true
     0 | D:1      | 0 ||| qw: Do second Lair branch before Depths: true
     0 | D:1      | 0 ||| qw: Lair rune preference: random
     0 | D:1      | 0 ||| qw: Plans: Normal
     0 | D:1      | 0 ||| PLANNING D:1-11
   191 | D:1      | Reached skill level 4 in Axes
   347 | D:1      | Reached XP level 2. HP: 26/26 MP: 1/1
   358 | D:1      | 358 ||| Stepping ~*~*~tactically~*~*~ (stealth).
   361 | D:1      | 361 ||| Stepping ~*~*~tactically~*~*~ (stealth).
   361 | D:1      | Found a faded altar of an unknown god.
   471 | D:1      | Found Ulicupp Hyfe's Jewellery Boutique.
   480 | D:1      | 480 ||| SHOPLISTING amulet of guardian spirit (420 gold,
                  | have 38).
   480 | D:1      | 480 ||| SHOPLISTING amulet of reflection (420 gold, have
                  | 38).
   480 | D:1      | 480 ||| SHOPLISTING ring of fire (350 gold, have 38).
   480 | D:1      | 480 ||| SHOPLISTING ring of the Lotus Blossom {Will+ Int+3
                  | Dex-4} (418 gold, have 38).
   916 | D:1      | 916 ||| INVOKING Berserk.
  1182 | D:1      | 1182 ||| Stepping ~*~*~tactically~*~*~ (stealth).
  1190 | D:1      | Reached skill level 5 in Axes
  1409 | D:1      | 1409 ||| UPGRADING to ring of positive energy.
  1410 | D:1      | 1410 ||| READING scroll labelled RIRABAURPHO.
  1411 | D:1      | 1411 ||| DRINKING 2 lumpy silvery potions.
  1460 | D:2      | Found Ydaoc's Book Emporium.
  1471 | D:2      | Reached XP level 3. HP: 30/31 MP: 2/2
  1515 | D:2      | 1515 ||| Stepping ~*~*~tactically~*~*~ (stealth).
  1517 | D:2      | 1517 ||| Stepping ~*~*~tactically~*~*~ (stealth).
  1541 | D:2      | Found Beopsiaceo's Antique Weapon Shoppe.
  1553 | D:2      | 1553 ||| BUYING mace (60 gold).
  1553 | D:2      | Bought a mace for 60 gold pieces
  1569 | D:2      | Found Enumimipni's Assorted Antiques.
  1579 | D:2      | 1579 ||| BUYING blue potion (20 gold).
  1579 | D:2      | Bought a blue potion for 20 gold pieces
  1579 | D:2      | 1579 ||| BUYING clear potion (20 gold).
  1579 | D:2      | Bought a clear potion for 20 gold pieces
  1579 | D:2      | 1579 ||| SHOPLISTING scroll labelled OCLUSM LEOSOAN (23
                  | gold, have 8).
  1579 | D:2      | 1579 ||| SHOPLISTING shiny orb (276 gold, have 8).
  1579 | D:2      | 1579 ||| SHOPLISTING war axe (80 gold, have 8).
  1602 | D:2      | 1602 ||| INVOKING Berserk.
  1702 | D:2      | 1702 ||| Stepping ~*~*~tactically~*~*~ (stealth).
  1748 | D:2      | Noticed Sigmund
  1751 | D:2      | 1751 ||| INVOKING Berserk.
  1760 | D:2      | Slain by Sigmund

Levels and vault maps discovered:
D:1:      amcnicky_arrival_double_pillar, layout_basic, serial_shops,
          nicolae_diamond_shop, serial_bayou, serial_bayou_pond_b,
          serial_bayou_lake_a, serial_bayou_ford_a, serial_bayou_shore_a,
          serial_bayou_pond_d, hellmonk_ecumenical_altar_pennies_from_heaven,
          solitary_fountain
D:2:      layout_rooms, serial_shops, shop, shop, shop, shop_statue,
          minmay_misc_feat_tiny, hex_intersection, serial_bayou_pond_c,
          uniq_sigmund

Skill      XL: |  1  2 |
---------------+-------+-----
Axes           | 4 5 |  5.5
Fighting       | |  3.6
Armour         | |  2.4
Dodging        | |  2.1

Action                   || total
-------------------------++-------
Melee: Hand axe          ||    72
       Headbutt          ||     7
Throw: Boomerang         ||     6
Invok: Berserk           ||     3
  Use: Scroll            ||     1
       Potion            ||     1
Armor: Animal skin       ||    11
Dodge: Dodged            ||    32

Table legend:
 A = Non-vault XP
 B = Vault XP
 C = Vault XP percentage of total XP
 D = Non-vault monster count
 E = Vault monster count
 F = Vault count percentage of total count
                 A         B        C        D         E       F
            +---------+---------+-------+---------+---------+-------
      Total |      63 |       5 |   7.4 |      32 |       3 |   8.6
            +---------+---------+-------+---------+---------+-------
        D:1 |      35 |       5 |  12.5 |      23 |       3 |  11.5
        D:2 |      28 |       0 |   0.0 |       9 |       0 |   0.0
            +---------+---------+-------+---------+---------+-------
